 Dungeon Crawl Stone Soup version 0.27-a0-1557-g57f10a385c (webtiles) character file.

Game seed: 2979747584903373764

42 Sin92 the Skirmisher (level 3, -4/43 HPs)
             Began as a Demonspawn Berserker on July 15, 2021.
             Was a Follower of Trog.
             Slain by Terence (9 damage)
             ... on level 2 of the Dungeon.
             The game lasted 00:01:32 (1562 turns).

Sin92 the Skirmisher (Demonspawn Berserker)         Turns: 1562, Time: 00:01:33

Health: -4/43      AC: 21    Str: 18    XL:     3   Next: 33%
Magic:  3/3        EV:  2    Int:  8    God:    Trog [*.....]
Gold:   47         SH:  0    Dex: 12    Spells: 2/2 levels left

rFire    . . .     SeeInvis .   a - +0 hand axe
rCold    . . .     Faith    .   (no shield)
rNeg     + + +     Spirit   .   (armour currently unavailable)
rPois    +         Reflect  .   (helmet currently unavailable)
rElec    .         Harm     .   (cloak currently unavailable)
rCorr    .         Rampage  .   (gloves currently unavailable)
Will     .....     NoTele   +   (boots currently unavailable)
Stlth    +.........             (no amulet)
HPRegen  0.14/turn              (no ring)
MPRegen  0.08/turn              (no ring)

@: tree-form
A: stationary, stasis, torment immunity, boosted hp, demonic magic 2
a: Renounce Religion, Berserk


You were on level 2 of the Dungeon.
You worshipped Trog.
Trog was aware of your devotion.
You were a tree.
You visited 1 branch of the dungeon, and saw 2 of its levels.

You collected 47 gold pieces.

Inventory:

Hand Weapons
 a - a +0 hand axe (weapon)
Armour
 b - a +0 animal skin (melded)
 e - a scarf of harm (melded)
Potions
 h - a potion of haste {unknown}


   Skills:
 + Level 3.3 Fighting
 * Level 3.2 Axes
 + Level 2.2 Armour
 + Level 2.1 Dodging


You had 2 spell levels left.
You didn't know any spells.
Your spell library was empty.

Dungeon Overview and Level Annotations

Branches:
Dungeon (2/15)

Altars:

Annotations:
D:2 Robin, Terence


Innate Abilities, Weirdness & Mutations

You are a tree.
Your roots penetrate the ground, keeping you stationary.
You cannot be teleported.
You are immune to unholy pain and torment.
Your maximum health is greatly increased.
Your equipment is partially melded.
Spells you cast may paralyse nearby enemies.


Message History

The hobgoblin is almost dead.
The hobgoblin hits you but does no damage.
You hit the hobgoblin.
You kill the hobgoblin!
Trog accepts your kill.
Robin roars a battlecry!
You hear a shout!
You barely miss Terence. Terence hits you with a +0 flail.
* * * LOW HITPOINT WARNING * * *
Robin throws the goblin at you! The goblin hits you but does no damage.
You hit Terence.
Terence is lightly wounded.
You hit the goblin but do no damage.
The goblin no longer looks unusually strong.
Terence barely misses you. The goblin hits you but does no damage.
You hit Terence but do no damage.
Terence is lightly wounded.
You barely miss the goblin. Terence hits you with a +0 flail.
* * * LOW HITPOINT WARNING * * *
The goblin hits you with a +0 dagger.
* * * LOW HITPOINT WARNING * * *
You hit Terence.
Terence is moderately wounded.
You barely miss the goblin. Terence completely misses you.
The goblin hits you but does no damage. Terence hits you but does no damage.
You hit Terence but do no damage.
Terence is moderately wounded.
You barely miss the goblin. The goblin hits you but does no damage.
Terence hits you but does no damage.
You hit Terence.
Terence is heavily wounded.
You closely miss the goblin. The goblin hits you but does no damage.
Terence hits you with a +0 flail.
* * * LOW HITPOINT WARNING * * *
The goblin hits you with a +0 dagger.
* * * LOW HITPOINT WARNING * * *
You hit Terence.
Terence is severely wounded.
You hit the goblin. Terence hits you with a +0 flail!
You die...

## ... #.. ### ###..
..#
....gg######.#######
#gg)gg..........#
#####@###.#####. #♣#
#.# #g###.#####.## #
.#............ .
.#.###.#####.## # .#
#...# #.###### .#
#.#.# #..#.#.# ##
#.#.# #....... #.#.#
#.##.#.# #...#
#.#.....


You could see Terence, Robin and 2 goblins.

Vanquished Creatures
  An adder (D:2)
  A worm (D:2)
  A dart slug (D:2)
  An endoplasm (D:2)
  3 giant cockroaches
  4 goblins (D:2)
  3 hobgoblins (D:2)
  2 jackals (D:2)
  A kobold (D:2)
  2 quokkas
  3 bats (D:1)
  A frilled lizard (D:1)
  A rat (D:2)
24 creatures vanquished.

Vanquished Creatures (collateral kills)
  A goblin (D:2)
1 creature vanquished.

Grand Total: 25 creatures vanquished

Notes
Turn   | Place    | Note
-------+----------+-------------------------------------------
     0 | D:1      | Sin92 the Demonspawn Berserker began the quest for the Orb.
     0 | D:1      | Reached XP level 1. HP: 18/18 MP: 1/1
   333 | D:1      | Found a faded altar of an unknown god.
   473 | D:1      | You fall into a shaft and drop 1 floor!
   498 | D:2      | Gained mutation: Spells you cast may paralyse adjacent
                  | enemies. [demonic ancestry]
   498 | D:2      | Reached XP level 2. HP: 13/24 MP: 2/2
  1122 | D:2      | Gained mutation: Spells you cast may paralyse nearby
                  | enemies. [demonic ancestry]
  1122 | D:2      | Reached XP level 3. HP: 4/29 MP: 3/3
  1538 | D:2      | Noticed Terence
  1539 | D:2      | Noticed Robin
  1544 | D:2      | HP: 1/29 [goblin[Robin] (2)]
  1562 | D:2      | Slain by Terence

Illustrated notes

Levels and vault maps discovered:
D:1:      roderic_dead_forest, layout_basic, basic_ecumenical_altar,
          st_stairs_8, chequers_serial_rivers_large_a,
          chequers_serial_rivers_room_a, corexii_hall_statues_t
D:2:      layout_loops_ring, st_stairs_12, serial_bayou_crossing, uniq_robin,
          uniq_terence

Skill      XL: |  1 |
---------------+----+-----
Axes           | 3 |  3.2
Armour         | 2 |  2.2
Dodging        | 2 |  2.1
Fighting       | |  3.3

Action                   || total
-------------------------++-------
Melee: Hand axe          ||    97
  Use: Potion            ||     4
       Scroll            ||     2
 Stab: Sleeping          ||     1
Armor: Animal skin       ||    15
       Skin              ||    10
Dodge: Dodged            ||    72

Table legend: (Time is in decaauts)
 A = Elapsed time spent in this place.
 B = Non-inter-level travel time spent in this place.
 C = Inter-level travel time spent in this place.
 D = Time resting spent in this place.
 E = Time spent auto-exploring this place.
 F = Levels seen in this place.
 G = Mean time per level.
                   A        B        C        D        E       F      G
               +--------+--------+--------+--------+--------+-----+--------+
         Total |   1575 |   1575 |      0 |      0 |   1360 |   2 |  787.5 |
       Dungeon |   1575 |   1575 |      0 |      0 |   1360 |   2 |  787.5 |
               +--------+--------+--------+--------+--------+-----+--------+

Top non-repeatable levels by time:
     D:2: 1098 daAuts
     D:1: 476 daAuts
